 Dungeon Crawl Stone Soup version 0.29.1-2-gbd0b4ee654 (webtiles) character file.

Game seed: 3839840897605699226

849 leafyfresh the Ducker (level 8, 0/48 HPs)
             Began as a Tengu Air Elementalist on Nov 12, 2022.
             Slain by an ice beast (3 damage)
             ... on level 6 of the Dungeon.
             The game lasted 00:14:04 (6811 turns).

leafyfresh the Ducker (Tengu Air Elementalist)      Turns: 6811, Time: 00:14:04

Health: 0/48       AC:  4    Str: 14    XL:     8   Next: 1%
Magic:  1/13       EV: 17    Int: 18    God:
Gold:   274        SH:  0    Dex: 15    Spells: 5/11 levels left

rFire   + . .      SeeInvis +   m - +6 whip of Resourcefulness {distort, rN+ SInv}
rCold   x . .      Faith    .   (no shield)
rNeg    + . .      Spirit   .   A - +1 leather armour {rPois}
rPois   +          Reflect  .   (helmet restricted)
rElec   .          Harm     .   (no cloak)
rCorr   .          Rampage  .   (no gloves)
Will    .....      Clarity  +   (boots unavailable)
Stlth   ++........              (no amulet)
HPRegen 0.16/turn               f - +6 ring of strength
MPRegen 0.13/turn               h - ring of fire

@: flying quickly and evasively, quick
A: beak, talons 3, nimble flight, clarity, high MP 1, robust 1
a: no special abilities


You were on level 6 of the Dungeon.
You visited 1 branch of the dungeon, and saw 6 of its levels.

You collected 274 gold pieces.

Inventory:

Hand Weapons
 m - the +6 whip of Resourcefulness (weapon) {distort, rN+ SInv}
   (You found it on level 5 of the Dungeon)

   It warps and distorts space around it, and may blink, banish, or inflict
   extra damage upon those it strikes.
   Unwielding it can cause banishment or high damage.
   rN:        It protects you from negative energy.
   SInv:      It lets you see invisible.
 z - a +2 hand axe of freezing
Armour
 a - a +0 robe
 A - a +1 leather armour of poison resistance (worn)
Jewellery
 f - a +6 ring of strength (left hand)
 h - a ring of fire (right hand)
Wands
 p - a wand of flame (20)
Scrolls
 c - 2 scrolls of butterflies
 d - 2 scrolls of brand weapon
 e - a scroll of immolation
 g - a scroll of silence {unknown}
 k - a scroll of enchant weapon {unknown}
 l - 3 scrolls of magic mapping {unknown}
 n - a scroll of blinking {unknown}
 q - 2 scrolls of amnesia {unknown}
 t - a scroll of vulnerability {unknown}
 u - a scroll of fear {unknown}
 w - 4 scrolls of teleportation
 x - 2 scrolls of noise {unknown}
 y - a scroll of poison {unknown}
Potions
 b - 2 potions of magic
 i - 4 potions of curing
 j - 2 potions of might {unknown}
 o - a potion of berserk rage {unknown}
 r - 3 potions of lignification {unknown}
 v - a potion of heal wounds {unknown}


   Skills:
 - Level 1.7 Fighting
 + Level 2.1 Maces & Flails
 - Level 7.0 Dodging
 - Level 2.0 Stealth
 - Level 2.0 Spellcasting
 + Level 5.1 Conjurations
 + Level 6.4 Air Magic


You had 5 spell levels left.
You knew the following spells:

 Your Spells              Type           Power      Damage    Failure   Level
a - Shock                 Conj/Air       88%        1d8       2%          1
b - Static Discharge      Conj/Air       22%        3-6/arc   3%          2
c - Swiftness             Air            25%        N/A       4%          3

Your spell library contained the following spells:

 Spells                   Type           Power      Damage    Failure   Level
 Airstrike                Air            12%        2d(2-18)  16%         4
 Beastly Appendage        Tmut           2%         N/A       22%         1
 Wereblood                Tmut           1%         N/A       34%         2
 Spider Form              Tmut/Pois      1%         N/A       56%         3


Dungeon Overview and Level Annotations

Branches:
Dungeon (6/15)
 Temple: D:4-7

Altars:
Hepliaklqana

Shops:
D:2 *   D:3 !:?=


Innate Abilities, Weirdness & Mutations

You have a beak for a mouth.
You have claws for feet.
Your magical nature lets you fly swiftly and evasively.
You possess an exceptional clarity of mind.
You have an increased reservoir of magic. (+10% MP)
You are robust. (+10% HP)


Message History

Unknown command.
You hit the necrophage.
The necrophage is almost destroyed.
The necrophage blinks!
Unknown command.
You barely miss the ice beast.
You claw the ice beast, but do no damage.
The ice beast hits you. The ice beast freezes you!!
You feel a terrible chill!
Unknown command.
You hit the ice beast but do no damage.
Space warps around the ice beast.
You claw the ice beast.
The ice beast is moderately wounded.
The ice beast hits you but does no damage.
Unknown command.
Casting: Static Discharge (safe; 3% risk of failure)
Confirm with . or Enter, or press ? or * to list all spells.
The ice beast is struck by an arc of lightning.
The ice beast is heavily wounded.
The necrophage is struck by an arc of lightning.
You destroy the necrophage!
The lightning grounds out.
The ice beast hits you but does no damage.
Your Maces & Flails skill increases to level 2!
Your Conjurations skill increases to level 5!
You have reached level 8!
You feel clever.
You barely miss the ice beast.
The ice beast is heavily wounded.
The ice beast misses you.
Unknown command.
You barely miss the ice beast. Your kick misses the ice beast.
The ice beast is heavily wounded.
The ice beast hits you. The ice beast freezes you!
You feel a terrible chill!
* * * LOW HITPOINT WARNING * * *
Unknown command.
As you read the scroll of butterflies, it crumbles to dust.
You hear the tinkle of a tiny bell.
The ice beast barely misses you.
Unknown command.
You swap places.
The ice beast hits you.
You die...

.### .. ...#... .#.
...#.. ..[.) .....
#... n..# .. ..[.
... #.#
###.#####b###.#
....#.....#bYb....#
.....#.⌠.⌠.#@####.##
#.......⌠...bb#
#...#.⌠.⌠.#b....?#
#...#.....#..##...
#...###.###.## .# #
#...........# #
#.####..#.......##
#......#.....#...#
##..........######.#


You could see an ice beast (ally target).

Vanquished Creatures
  An ogre (D:4)
  2 phantoms (D:6)
  A bullfrog (D:5)
  A necrophage (D:6)
  2 hounds
  2 jellies
  Natasha (twice) (D:3 D:2)
  An orc wizard (D:4)
  3 iguanas
  3 gnolls (D:3)
  9 adders
  An ufetubus (D:5)
  A worm (D:2)
  2 dart slugs
  13 orcs
  5 endoplasms
  5 giant cockroaches
  9 goblins
  5 hobgoblins
  6 jackals
  10 ball pythons
  8 bats
  13 frilled lizards
  7 kobolds
  7 rats
119 creatures vanquished.

Vanquished Creatures (others)
  9 plants (D:5)
9 creatures vanquished.

Grand Total: 128 creatures vanquished

Notes
Turn   | Place    | Note
-------+----------+-------------------------------------------
     0 | D:1      | leafyfresh the Tengu Air Elementalist began the quest for
                  | the Orb.
     0 | D:1      | Reached XP level 1. HP: 10/10 MP: 4/4
   175 | D:1      | Reached XP level 2. HP: 3/15 MP: 3/6
   760 | D:1      | Found a faded altar of an unknown god.
  1064 | D:1      | Reached XP level 3. HP: 19/19 MP: 5/7
  1239 | D:2      | Reached skill level 5 in Air Magic
  1400 | D:2      | Learned a level 2 spell: Static Discharge
  1404 | D:2      | Learned a level 3 spell: Swiftness
  1859 | D:2      | Found Emaoropy's Assorted Antiques.
  2017 | D:2      | Reached skill level 3 in Dodging
  2017 | D:2      | Reached XP level 4. HP: 10/24 MP: 2/8
  2439 | D:3      | Found Nogo's Book Boutique.
  2467 | D:3      | Found Analony's Magic Scroll Boutique.
  2468 | D:3      | Found Jeqiodoe's Jewellery Boutique.
  2681 | D:3      | Noticed Natasha
  2767 | D:3      | Killed Natasha
  2922 | D:3      | Reached skill level 4 in Dodging
  3019 | D:3      | Gained mutation: Your magical nature lets you fly swiftly
                  | and evasively. [Tengu growth]
  3019 | D:3      | Reached XP level 5. HP: 28/28 MP: 4/9
  3735 | D:3      | Noticed Natasha
  3737 | D:3      | Reached skill level 5 in Dodging
  3750 | D:2      | Gained mutation: You occasionally lose the ability to read
                  | scrolls when taking damage. [potion of mutation]
  3750 | D:2      | Gained mutation: Your muscles are strong. (Str +4, Int/Dex
                  | -1) [potion of mutation]
  3751 | D:2      | Killed Natasha
  4156 | D:3      | Reached XP level 6. HP: 26/32 MP: 5/10
  4490 | D:3      | Identified the +0 helmet of Chimes {rPois rC+ rN+++ Str-2}
  4519 | D:3      | Found Fuiwnutt's Distillery.
  4887 | D:4      | Reached skill level 6 in Dodging
  5447 | D:4      | Reached skill level 7 in Dodging
  5680 | D:5      | Entered Level 5 of the Dungeon
  5727 | D:5      | Reached XP level 7. HP: 33/37 MP: 6/11
  5796 | D:5      | Found a hazy altar of Hepliaklqana.
  5798 | D:5      | Lost mutation: Your muscles are strong. (Str +4, Int/Dex
                  | -1) [potion of mutation]
  5798 | D:5      | Lost mutation: You occasionally lose the ability to read
                  | scrolls when taking damage. [potion of mutation]
  5798 | D:5      | Gained mutation: You possess an exceptional clarity of
                  | mind. [potion of mutation]
  5798 | D:5      | Gained mutation: You have an increased reservoir of magic.
                  | (+10% MP) [potion of mutation]
  5798 | D:5      | Gained mutation: You are robust. (+10% HP) [potion of
                  | mutation]
  5944 | D:5      | Identified the +6 whip of Resourcefulness {distort, rN+
                  | SInv}
  6293 | D:5      | Reached skill level 1 in Fighting
  6742 | D:6      | Reached skill level 1 in Maces & Flails
  6808 | D:6      | Reached skill level 5 in Conjurations
  6808 | D:6      | Reached XP level 8. HP: 22/48 MP: 1/13
  6811 | D:6      | Slain by an ice beast

Illustrated notes

Levels and vault maps discovered:
D:1:      lightli_arrival_maybe_door_vault, layout_basic,
          ebering_ecumenical_altar_petrified, amcnicky_mini_corridor_feature,
          minmay_misc_feat_nine_boxes, minmay_tromino_v2
D:2:      minmay_inner_zag, layout_rooms, serial_shops,
          nicolae_shop_advertising_works [nicolae_subvault_shop_adworks]
D:3:      layout_rooms, serial_shops, nicolae_lakefront_shop,
          nicolae_square_shop, shop, shop, fountainhead, uniq_natasha
D:4:      layout_cave_pools
D:5:      layout_rooms, overflow_temple_1_default, minmay_lizard_king
D:6:      layout_layer_cave, grunt_temple_overflow_holy_war, old_standard_altar,
          fedhas_altar_4, serial_shops, shop, minmay_chambers_of_fives,
          uniq_sigmund, uniq_edmund

Skill      XL: |  1  2  3  4  5  6  7 |
---------------+----------------------+-----
Conjurations   | 2 3 5 |  5.1
Air Magic      | 5 6 |  6.4
Dodging        | 3 4 5 7 |  7.0
Fighting       | 1 |  1.7
Maces & Flails | 2 |  2.1
Stealth        | |  2.0
Spellcasting   | |  2.0

Action                   |  1- 3 |  4- 6 |  7- 9 || total
-------------------------+-------+-------+-------++-------
Melee: Unarmed           |    46 |    19 |     2 ||    67
       Peck              |    11 |     1 |     2 ||    14
       Kick              |    13 |     3 |     7 ||    23
       Whip              |       |       |    15 ||    15
 Cast: Shock             |    61 |    91 |    13 ||   165
       Static Discharge  |       |    27 |    21 ||    48
Evoke: Wand              |       |       |     4 ||     4
  Use: Potion            |       |     2 |     1 ||     3
       Scroll            |       |       |     6 ||     6
 Stab: Sleeping          |     2 |       |       ||     2
Armor: Robe              |    17 |    10 |       ||    27
       Leather armour    |       |       |     5 ||     5
Dodge: Dodged            |    45 |    49 |    24 ||   118
